 Dungeon Crawl Stone Soup version 0.29-a0-841-g116ddc6ace (webtiles) character file.

Game seed: 7017803136743041237

21788 zeratav the Fighter (level 12, -3/87 HPs)
             Began as an Octopode Venom Mage on July 13, 2022.
             Was an Initiate of Gozag.
             Slain by a centaur warrior
             ... wielding a staff of fire
              (4 damage)
             ... on level 13 of the Dungeon on July 14, 2022.
             The game lasted 00:54:34 (22381 turns).

zeratav the Fighter (Octopode Venom Mage)          Turns: 22381, Time: 00:54:34

Health: -3/87      AC:  5    Str:  9    XL:     12   Next: 93%
Magic:  8/19       EV: 17    Int: 21    God:    Gozag
Gold:   520        SH:  0    Dex: 12    Spells: 0/21 levels left

rFire   + . .      SeeInvis .   n - +7 short sword "Gungecu" {drain, *Noise rF+ rN+, short}
rCold   . . .      Faith    .   (no shield)
rNeg    + . .      Spirit   .   (helmet restricted)
rPois   .          Reflect  .   u - amulet of the acrobat
rElec   +          Harm     .   A - ring of resist corrosion
rCorr   +          Rampage  .   e - ring of the Firefly {rElec AC+4}
Will    .....                   (no ring)
Stlth   ++++......              (no ring)
HPRegen 0.24/turn               (no ring)
MPRegen 0.16/turn               (no ring)
                                (no ring)
                                (no ring)

@: hasted, studying Air Magic, very quick
A: almost no armour, amphibious, 8 rings, camouflage 1, gelatinous body 1,
(nimble swimmer 1), tentacles
a: Renounce Religion, Potion Petition, Call Merchant, Bribe Branch


You were on level 13 of the Dungeon.
You worshipped Gozag.
Gozag was pleased with you.
You visited 2 branches of the dungeon, and saw 14 of its levels.

You collected 1397 gold pieces.
You spent 552 gold pieces at shops.
You paid 325 gold pieces to Gozag.


Innate Abilities, Weirdness & Mutations

You cannot wear most types of armour.
You are amphibious.
You can wear up to eight rings at the same time.
Your skin changes colour to match your surroundings (Stealth+).
Your rubbery body absorbs attacks. (AC +1, EV +1)
((You are camouflaged when in or above water. (Stealth+)))
You have tentacles for arms and can constrict up to eight enemies at once.


   Skills:
 - Level 10.0 Fighting
 - Level 10.0 Dodging
 - Level 5.0 Stealth
 - Level 5.0 Spellcasting
 - Level 2.1 Conjurations
 + Level 6.7 Transmutations
 + Level 7.0 Earth Magic
 - Level 9.0 Poison Magic
 - Level 10.0 Evocations


You couldn't memorise any spells.
You knew the following spells:

 Your Spells              Type           Power      Damage    Failure   Level
a - Sting                 Tmut/Pois      100%       1d8       1%          1
b - Poisonous Vapours     Pois/Air       48%        N/A       2%          2
c - Olgreb's Toxic Radia  Pois           43%        N/A       2%          4
d - Stone Arrow           Conj/Erth      48%        3d10      4%          3
e - Lee's Rapid Deconstr  Erth           17%        3d12*     16%         5
f - Statue Form           Tmut/Erth      22%        N/A       67%         6

Your spell library contained the following spells:

 Spells                   Type           Power      Damage    Failure   Level
 Beastly Appendage        Tmut           66%        N/A       1%          1
 Sandblast                Erth           70%        2d15      1%          1
 Passwall                 Tmut/Erth      28%        N/A       1%          2
 Wereblood                Tmut           33%        N/A       1%          2
 Spider Form              Tmut/Pois      38%        N/A       1%          3
 Mephitic Cloud           Conj/Pois/Air  20%        N/A       7%          3
 Freeze                   Ice            20%        1d4       11%         1
 Leda's Liquefaction      Hex/Erth       10%        N/A       26%         4
 Frozen Ramparts          Ice            10%        1d3       32%         3
 Gell's Gravitas          Tloc           5%         N/A       32%         3
 Teleport Other           Tloc           5%         N/A       32%         3
 Hailstorm                Conj/Ice       9%         3d4       56%         4
 Summon Forest            Summ/Tloc      2%         N/A       96%         5
 Summon Mana Viper        Hex/Summ       5%         N/A       96%         5
 Dispersal                Tloc           2%         N/A       100%        6
 Summon Cactus Giant      Summ           2%         N/A       100%        6
 Borgnjor's Revivificati  Necr           2%         N/A       100%        8
 Lehudib's Crystal Spear  Conj/Erth      12%        10d4      100%        8
 Necromutation            Tmut/Necr      9%         N/A       100%        8
 Death's Door             Necr           2%         N/A       100%        9
 Animate Armour           Summ/Erth      Unusable   N/A       N/A         4
 Corpse Rot               Necr/Pois/Air  Unusable   N/A       N/A         4

Inventory:

Hand Weapons
 c - a +0 short sword of protection {short}
   (You took it off a kobold on level 1 of the Dungeon)
 n - the +7 short sword "Gungecu" (weapon) {drain, *Noise rF+ rN+, short}
   (You found it on level 3 of the Dungeon)

   A truly terrible weapon, it drains the life of any living foe it strikes.
   rF:        It protects you from fire.
   rN:        It protects you from negative energy.
   *Noise:    It may make noises in combat.
Missiles
 w - 18 boomerangs of dispersal {=fthrowing}
Jewellery
 e - the ring of the Firefly (right tentacle) {rElec AC+4}
   (You found it on level 10 of the Dungeon)

   [ring of protection]

   AC:        It affects your AC (+4).
   rElec:     It insulates you from electricity.
 u - an amulet of the acrobat (around mantle)
   (You found it on level 5 of the Dungeon)
 A - a ring of resist corrosion (left tentacle)
   (You found it on level 8 of the Dungeon)
Wands
 g - a wand of flame (6)
   (You took it off Maurice on level 9 of the Dungeon)
 t - a wand of paralysis (17)
   (You found it on level 5 of the Dungeon)
 z - a wand of mindburst (4)
   (You found it on level 7 of the Dungeon)
Scrolls
 b - a scroll of immolation {!r!r}
 i - a scroll of poison {!r}
 j - a scroll of fear
 o - 2 scrolls of silence {!r}
 p - 2 scrolls of teleportation {@r4}
 q - 3 scrolls of amnesia
 v - 2 scrolls of enchant weapon
 x - a scroll of vulnerability {!r!r}
 y - a scroll of summoning
 C - 3 scrolls of magic mapping {!r}
 E - a scroll of enchant armour {unknown}
Potions
 a - 4 potions of magic
 d - 2 potions of brilliance
 f - 4 potions of curing {@q1}
 h - 2 potions of resistance
 k - 4 potions of haste {@q3}
 l - 2 potions of might
 m - 5 potions of flight
 r - 2 potions of attraction {unknown}
 B - 2 potions of invisibility {unknown}
 D - a potion of berserk rage {unknown}

Dungeon Overview and Level Annotations

Branches:
Dungeon (13/15) Zot: 26075  Temple (1/1) D:7 Zot: 5976    Lair (0/6) D:9
    Orc: D:9-12      Vaults: D:13-14

Altars:
Ashenzari
Cheibriados
Dithmenos
Elyvilon
Fedhas
Gozag
Hepliaklqana
Kikubaaqudgha
Makhleb
Nemelex Xobeh
Okawaru
Qazlal
Ru
Sif Muna
Trog
Uskayaw
Vehumet
Wu Jian
Xom
Yredelemnul
Zin
The Shining One

Shops:
D:8 *   D:9 ***?!   D:11 !

Annotations:
D:3 exclusion: downstairs
D:4 1 runed translucent door, Crazy Yiuf
D:5 exclusion: ice beast, Grinder
D:9 3 runed translucent doors, BubbleThief's ghost, novice DsNe
D:11 exclusion: downstairs
D:12 Azrael
D:13 exclusion: 2 doors

##'####### #####.## ###^.
#.# ..# ### ###'#######
#.## #.........# ###.
#.........# #...
#.........# #.# #
#.........# #.###########
'.........#####.##.........
#......>..@........########
#........c#####.#### #
#.........# #.# #
#.........# ##.#
######.#### #..# # #. #.##
# .. #.# # ... ##'#######
#........# .


You could see a centaur warrior (very poisoned, drained).


Message History

The centaur warrior shoots an arrow.
The arrow misses you.
You close the door.
HP[+1] MP[+1]
You start resting.
A centaur warrior opens the door.
It is wielding a +0 shortbow.
The centaur warrior unwields a +0 shortbow.
The centaur warrior wields a staff of fire.
The centaur warrior closely misses you. x2
There is an open door here.
Casting: Olgreb's Toxic Radiance (dangerous; 2% risk of failure)
Confirm with . or Enter, or press ? or * to list all spells.
You begin to radiate toxic energy.
The centaur warrior is poisoned.
The centaur warrior looks even sicker.
The centaur warrior closely misses you. The centaur warrior kicks you.
The centaur warrior hits you but does no damage.
The centaur warrior burns you.
The centaur warrior kicks you but does no damage.
HP[-4] MP[-4]
You take 4 damage, and now have 55/87 hp.
You lost 4 mp, and now have 10/19 mp.
You hit the centaur warrior. The centaur warrior closely misses you.
The centaur warrior kicks you but does no damage.
HP[+1]
You hit the centaur warrior. You drain the centaur warrior.
The centaur warrior looks even sicker.
Your toxic aura wanes.
The centaur warrior hits you with a staff of fire.
The centaur warrior closely misses you.
The centaur warrior hits you with a staff of fire!
The centaur warrior closely misses you.
HP[-11] MP[+1]
You take 11 damage, and now have 45/87 hp.
You closely miss the centaur warrior. The centaur warrior misses you. x2
The centaur warrior hits you with a staff of fire!
* * * LOW HITPOINT WARNING * * *
The centaur warrior misses you.
HP[-9]
You take 9 damage, and now have 36/87 hp.
Casting: Olgreb's Toxic Radiance (dangerous; 2% risk of failure)
Confirm with . or Enter, or press ? or * to list all spells.
You begin to radiate toxic energy.
The centaur warrior looks as sick as possible!
The centaur warrior misses you. The centaur warrior closely misses you.
MP[-4]
You lost 4 mp, and now have 7/19 mp.
You completely miss the centaur warrior.
You squeeze the centaur warrior. The centaur warrior barely misses you.
The centaur warrior kicks you.
* * * LOW HITPOINT WARNING * * *
The centaur warrior hits you with a staff of fire!
* * * LOW HITPOINT WARNING * * *
The centaur warrior burns you.
* * * LOW HITPOINT WARNING * * *
The centaur warrior completely misses you.
HP[-11]
You take 11 damage, and now have 25/87 hp.
You feel yourself speed up.
Your toxic aura wanes.
The centaur warrior hits you with a staff of fire.
* * * LOW HITPOINT WARNING * * *
The centaur warrior burns you.
* * * LOW HITPOINT WARNING * * *
The centaur warrior kicks you.
* * * LOW HITPOINT WARNING * * *
HP[-7]
You take 7 damage, and now have 18/87 hp.
You feel better.
The centaur warrior hits you with a staff of fire!
* * * LOW HITPOINT WARNING * * *
The centaur warrior burns you.
* * * LOW HITPOINT WARNING * * *
The centaur warrior closely misses you.
HP[-2]
You take 2 damage, and now have 16/87 hp.
You hit the centaur warrior. You drain the centaur warrior.
You squeeze the centaur warrior.
The centaur warrior hits you but does no damage.
The centaur warrior kicks you but does no damage.
The centaur warrior hits you with a staff of fire!
* * * LOW HITPOINT WARNING * * *
The centaur warrior kicks you.
* * * LOW HITPOINT WARNING * * *
HP[-15]
You take 15 damage, and now have 1/87 hp.
Unknown command.
Aiming: Mindburst
Press: ? - help, Q - select action, (/) - cycle Shift-Dir - straight line, f - centaur warrior
Aim: a centaur warrior, wielding a staff of fire and wearing a ring of wizardry (severely wounded, very poisoned, lightly drained, chance to affect: 84%)
Okay, then.
Aiming: Paralyse
Press: ? - help, Q - select action, (/) - cycle Shift-Dir - straight line, f - centaur warrior
Aim: a centaur warrior, wielding a staff of fire and wearing a ring of wizardry (severely wounded, very poisoned, lightly drained, chance to affect: 62%)
Okay, then.
Aiming: Mindburst
Press: ? - help, Q - select action, (/) - cycle Shift-Dir - straight line, f - centaur warrior
Aim: a centaur warrior, wielding a staff of fire and wearing a ring of wizardry (severely wounded, very poisoned, lightly drained, chance to affect: 84%)
The centaur warrior's mind is blasted!
The centaur warrior hits you with a staff of fire.
You die...
Your body crumbles into a pile of gold.

Skill      XL: |  1  2  3  4  5  6  7  8  9 10 11 12 |
---------------+-------------------------------------+-----
Stealth        | 3 4 5 |  5.0
Poison Magic   | 4 5 7 8 9 |  9.0
Fighting       | 3 5 6 9 10 | 10.0
Dodging        | 3 5 6 9 10 | 10.0
Evocations     | 3 4 10 | 10.0
Spellcasting   | 4 5 |  5.0
Conjurations   | 1 2 |  2.1
Earth Magic    | 1 7 |  7.0
Transmutations | 6 |  6.7

Action                   |  1- 3 |  4- 6 |  7- 9 | 10-12 || total
-------------------------+-------+-------+-------+-------++-------
Melee: Short sword       |    86 |    95 |   129 |   258 ||   568
       Constrict         |    15 |    14 |    31 |    17 ||    77
       Punch             |     1 |       |     1 |    13 ||    15
       Unarmed           |     1 |       |       |    49 ||    50
       Tentacles         |     8 |    17 |    34 |    79 ||   138
 Cast: Sting             |     5 |    24 |    23 |     8 ||    60
       Poisonous Vapours |       |     8 |    25 |    19 ||    52
       Olgreb's Toxic Ra |       |       |    49 |   119 ||   168
       Stone Arrow       |       |       |       |     7 ||     7
       Lee's Rapid Decon |       |       |       |     2 ||     2
Evoke: Wand              |       |       |     7 |    18 ||    25
  Use: Scroll            |       |       |    12 |    17 ||    29
       Potion            |       |       |     3 |    15 ||    18
 Stab: Sleeping          |     8 |    15 |     5 |     1 ||    29
       Paralysed         |       |       |    11 |    18 ||    29
Armor: Skin              |    27 |    14 |    31 |   178 ||   250
Dodge: Dodged            |    66 |    71 |    98 |   314 ||   549

Levels and vault maps discovered:
D:1:      kb_arrival_jail, layout_basic, serial_bayou, serial_bayou_pond_d,
          serial_bayou_shore_a, serial_bayou_pond_b, serial_bayou_pond_d,
          serial_bayou_ford_a, dreamdust_ecumenical_altar_angels_and_demons,
          minmay_3d_cube
D:2:      layout_loops_corners, basic_altar
D:3:      layout_basic, mainiacjoe_overflow_paths, uniq_jessica
D:4:      minmay_general_purpose_star, layout_loops_ring,
          nicolae_ru_the_path_less_chosen, wad_rectangle_vault,
          uniq_crazy_yiuf_cottage, uniq_eustachio
D:5:      layout_gridville, minmay_overflow_temple_hex, uniq_grinder
D:6:      layout_cave_pods, minmay_unpleasant_kobolds, uniq_maggie,
          uniq_blork_the_orc, uniq_edmund
D:7:      layout_loops_corners, makhleb_grotto_becter,
          mainiacjoe_overflow_cross_hatched, minmay_temple_entry_tees,
          uniq_duvessa, uniq_menkaure, uniq_pikel
D:8:      layout_basic, serial_shops, nicolae_diamond_shop, minmay_door_square,
          minmay_misc_feat_rows, minmay_lindwurm_lava
D:9:      layout_basic, lemuel_round_altar, lemuel_doored_altar,
          erik_lair_island, serial_shops, shop, kennysheep_mini_moat,
          nicolae_shop_waterfront, shop, nicolae_shop_stone,
          gammafunk_ghost_spectres, amethyst_killhole, lemuel_flame_loot_1,
          uniq_maurice
D:10:     minmay_evil_eye, layout_irregular_city, grunt_gozag_statues,
          nicolae_elyvilon_temple_path, minmay_diamond_spiral
D:11:     layout_irregular_city, serial_shops, kennysheep_little_box
D:12:     layout_roguey, david_orc_5, uniq_azrael, uniq_fannar
D:13:     layout_roguey, gauntlet_entry_generic
Temple:   hellmonk_temple_rainy

Notes
Turn   | Place    | Note
-------+----------+-------------------------------------------
     0 | D:1      | zeratav the Octopode Venom Mage began the quest for the
                  | Orb.
     0 | D:1      | Reached XP level 1. HP: 11/11 MP: 3/3
     0 | D:1      | magus.rc [v1.9.6]
     2 | D:1      | Noticed an elf
     2 | D:1      | Noticed a ghoul
     4 | D:1      | Noticed a vampire
     4 | D:1      | Noticed a demonspawn
     6 | D:1      | Noticed an octopode
     8 | D:1      | You pick up a book of Frost and begin reading...
     8 | D:1      | You add the spells Freeze, Frozen Ramparts and Hailstorm to
                  | your library.
     9 | D:1      | Noticed a troll
     9 | D:1      | Noticed a vine stalker
    11 | D:1      | Noticed a spriggan
    14 | D:1      | Noticed a minotaur
    16 | D:1      | Noticed a demigod
    16 | D:1      | Noticed a naga
    18 | D:1      | Noticed a formicid
    18 | D:1      | Noticed a tengu
    20 | D:1      | Noticed a gargoyle
    20 | D:1      | Noticed a felid
    22 | D:1      | Noticed a dwarf
    22 | D:1      | Noticed a human
    24 | D:1      | Noticed a merfolk
    24 | D:1      | Noticed a draconian
    28 | D:1      | Noticed an ogre
    87 | D:1      | Reached skill level 3 in Stealth
    92 | D:1      | HP: 1/11 [frilled lizard (2)]
   462 | D:1      | Reached XP level 2. HP: 17/17 MP: 5/5
   488 | D:1      | Reached skill level 4 in Poison Magic
   943 | D:1      | Reached XP level 3. HP: 20/21 MP: 6/6
   945 | D:1      | Reached skill level 4 in Stealth
  1017 | D:1      | Found a faded altar of an unknown god.
  1702 | D:2      | Reached XP level 4. HP: 27/27 MP: 7/7
  1899 | D:2      | Reached skill level 5 in Poison Magic
  1935 | D:2      | Found a shimmering altar of Xom.
  2115 | D:2      | Reached skill level 5 in Stealth
  2586 | D:2      | You fall into a shaft and drop 1 floor!
  2925 | D:3      | Found an ancient bone altar of Kikubaaqudgha.
  2970 | D:3      | Noticed Jessica
  2974 | D:3      | Killed Jessica
  2975 | D:3      | Reached XP level 5. HP: 31/31 MP: 8/8
  3334 | D:3      | Identified the +7 short sword "Gungecu" {drain, *Noise rF+
                  | rN+}
  3378 | D:3      | Reached skill level 6 in Poison Magic
  3575 | D:2      | Learned a level 2 spell: Poisonous Vapours
  3931 | D:4      | Reached skill level 7 in Poison Magic
  3931 | D:4      | Reached XP level 6. HP: 18/36 MP: 5/9
  4408 | D:4      | Found a runed translucent door.
  4409 | D:4      | Noticed Crazy Yiuf
  4525 | D:4      | Noticed Eustachio
  4541 | D:4      | Killed Eustachio
  4542 | D:4      | Reached skill level 8 in Poison Magic
  4542 | D:4      | Reached XP level 7. HP: 38/41 MP: 1/10
  4662 | D:4      | Reached skill level 9 in Poison Magic
  4667 | D:4      | Reached skill level 1 in Fighting
  4968 | D:4      | You add the spells Gell's Gravitas, Teleport Other and
                  | Dispersal to your library.
  5337 | D:4      | Found a sacrificial altar of Ru.
  5542 | D:4      | Reached skill level 2 in Fighting
  5678 | D:5      | Entered Level 5 of the Dungeon
  5742 | D:5      | Reached skill level 3 in Dodging
  6636 | D:5      | You add the spells Borgnjor's Revivification, Necromutation
                  | and Death's Door to your library.
  6655 | D:5      | Noticed Grinder
  6711 | D:5      | Found a shimmering blue altar of Sif Muna.
  6711 | D:5      | Found a stormy altar of Qazlal.
  6711 | D:5      | Found a basalt altar of Yredelemnul.
  6711 | D:5      | Found a glowing silver altar of Zin.
  6717 | D:5      | Found a broken altar of Ashenzari.
  6717 | D:5      | Found a shimmering altar of Xom.
  6923 | D:6      | Reached skill level 3 in Fighting
  6923 | D:6      | Reached XP level 8. HP: 52/52 MP: 6/11
  6967 | D:6      | Reached skill level 4 in Dodging
  7056 | D:6      | Learned a level 4 spell: Olgreb's Toxic Radiance
  7261 | D:6      | Reached skill level 4 in Fighting
  7399 | D:6      | You pick up a book of Vapours and begin reading...
  7641 | D:6      | Noticed Blork the orc
  7666 | D:6      | Killed Blork the orc
  7667 | D:6      | Reached skill level 5 in Dodging
  7967 | D:6      | Reached skill level 5 in Fighting
  8198 | D:6      | Reached skill level 1 in Evocations
  8734 | D:6      | You pick up a book of Changes and begin reading...
  8734 | D:6      | You add the spells Beastly Appendage, Wereblood and Spider
                  | Form to your library.
  8975 | D:6      | Noticed Edmund
  9050 | D:6      | Killed Edmund
  9051 | D:6      | Reached skill level 3 in Spellcasting
  9051 | D:6      | Reached skill level 2 in Evocations
  9243 | D:6      | Noticed Maggie
  9274 | D:6      | HP: 7/55 [poisoned by you (poison gas)]
  9289 | D:6      | Killed Maggie
  9290 | D:6      | Reached skill level 4 in Spellcasting
  9290 | D:6      | Reached skill level 3 in Evocations
  9290 | D:6      | Reached XP level 9. HP: 17/61 MP: 0/15
  9586 | D:6      | Reached skill level 4 in Evocations
  9660 | D:6      | Upgraded the game from 0.29-a0-838-g385bb11a5b to
                  | 0.29-a0-841-g116ddc6ace
  9660 | D:6      | magus.rc [v1.9.6]
  9947 | D:7      | Noticed Duvessa
  9947 | D:7      | Noticed Dowan
  9956 | D:7      | Killed Duvessa
  9956 | D:7      | Killed Dowan
  9957 | D:7      | Reached skill level 5 in Spellcasting
 10149 | D:7      | Noticed Pikel
 10159 | D:7      | Killed Pikel
 10256 | D:7      | Found a staircase to the Ecumenical Temple.
 10302 | Temple   | Entered the Ecumenical Temple
 10465 | D:7      | Reached skill level 6 in Fighting
 10465 | D:7      | Reached skill level 6 in Dodging
 10610 | D:7      | Found a glowing golden altar of the Shining One.
 10637 | D:7      | Noticed Menkaure
 10645 | D:7      | Killed Menkaure
 11182 | D:7      | Found a burning altar of Makhleb.
 11386 | D:8      | Reached XP level 10. HP: 69/69 MP: 5/17
 11389 | D:8      | Reached skill level 7 in Fighting
 11389 | D:8      | Reached skill level 7 in Dodging
 11720 | D:8      | You pick up a book of Armaments and begin reading...
 11720 | D:8      | You add the spells Stone Arrow and Lehudib's Crystal Spear
                  | to your library.
 11747 | D:8      | Noticed a lindwurm
 11757 | D:8      | Noticed a lindwurm
 11787 | D:8      | Killed a lindwurm
 11815 | D:8      | Noticed a lindwurm
 11821 | D:8      | Noticed a lindwurm
 11976 | D:8      | Killed a lindwurm
 11977 | D:8      | Reached skill level 8 in Fighting
 11977 | D:8      | Reached skill level 8 in Dodging
 12098 | D:8      | Killed a lindwurm
 12329 | D:8      | Killed a lindwurm
 12487 | D:8      | Found Uteulee's General Store.
 12579 | D:8      | Bought a potion of heal wounds for 70 gold pieces
 12579 | D:8      | Bought a wand of paralysis (5) for 168 gold pieces
 12695 | D:8      | Reached skill level 9 in Fighting
 12695 | D:8      | Reached skill level 9 in Dodging
 13293 | D:9      | Noticed BubbleThief's ghost (novice DsNe)
 13293 | D:9      | Found a runed translucent gate.
 13293 | D:9      | Found a runed translucent gate.
 13293 | D:9      | Found a runed translucent gate.
 13302 | D:9      | Reached XP level 11. HP: 80/80 MP: 10/18
 13310 | D:9      | Reached skill level 10 in Fighting
 13310 | D:9      | Reached skill level 10 in Dodging
 13382 | D:9      | Found Sunwued's Assorted Antiques.
 13426 | D:9      | Bought a scroll labelled AVAYXA SYMPOMU for 25 gold pieces
 13426 | D:9      | Bought a scroll of teleportation for 75 gold pieces
 13612 | D:9      | Found a staircase to the Lair.
 13629 | D:9      | Reached skill level 5 in Evocations
 13763 | D:9      | Reached skill level 6 in Evocations
 13813 | D:9      | Noticed Maurice
 14050 | D:9      | Killed Maurice
 14185 | D:9      | Found Komef's Distillery.
 14197 | D:9      | Bought a potion of lignification for 30 gold pieces
 14197 | D:9      | Bought 2 potions of curing for 60 gold pieces
 14197 | D:9      | Bought a potion of curing for 30 gold pieces
 14243 | D:9      | Reached skill level 7 in Evocations
 14396 | D:9      | Found Xerr's Magic Scroll Boutique.
 14399 | D:9      | Bought 2 scrolls of identify for 44 gold pieces
 14399 | D:9      | Bought a scroll of identify for 22 gold pieces
 14475 | D:9      | Found a blossoming altar of Fedhas.
 14503 | D:9      | Found Wanuf's General Store.
 14511 | D:9      | Bought a scroll of identify for 28 gold pieces
 14581 | D:9      | Found Ilollir's Assorted Antiques.
 14665 | D:9      | Found a radiant altar of Vehumet.
 15051 | D:10     | Entered Level 10 of the Dungeon
 15055 | D:10     | Noticed an orc knight
 15060 | D:10     | Noticed a four-headed hydra
 15076 | D:10     | Noticed a cyclops
 15096 | D:10     | Noticed a boulder beetle
 15323 | D:10     | HP: 27/121 [vampire mosquito (4)]
 15328 | D:10     | HP: 21/121 [vampire mosquito (4)]
 15336 | D:10     | HP: 29/121 [vampire mosquito (6)]
 15342 | D:10     | HP: 14/121 [vampire mosquito (7)]
 15354 | D:10     | HP: 20/121 [vampire mosquito (3)]
 15663 | D:10     | Identified the ring of the Firefly {rElec AC+4}
 15740 | D:10     | Noticed a two-headed ogre
 15770 | D:10     | Killed a two-headed ogre
 15771 | D:10     | Reached skill level 8 in Evocations
 15830 | D:10     | HP: 18/81 [boulder beetle (17)]
 15833 | D:10     | Killed a boulder beetle
 15834 | D:10     | Reached skill level 9 in Evocations
 16233 | D:10     | Noticed a two-headed ogre
 16275 | D:10     | Killed a two-headed ogre
 16391 | D:10     | HP: 17/81 [acid dragon (4)]
 16395 | D:10     | HP: 5/81 [acid dragon/splash of acid (11)]
 16795 | D:10     | Found a white marble altar of Elyvilon.
 16959 | D:10     | Killed a four-headed hydra
 16960 | D:10     | Reached skill level 10 in Evocations
 16960 | D:10     | Reached skill level 1 in Conjurations
 16960 | D:10     | Reached skill level 1 in Earth Magic
 16960 | D:10     | Reached XP level 12. HP: 87/87 MP: 19/19
 17010 | D:10     | HP: 30/130 [wraith (9)]
 17324 | D:10     | Found an opulent altar of Gozag.
 17344 | D:10     | Reached skill level 2 in Conjurations
 17344 | D:10     | Reached skill level 2 in Earth Magic
 17614 | D:10     | You pick up a book of the Earth and begin reading...
 17614 | D:10     | You add the spells Leda's Liquefaction, Lee's Rapid
                  | Deconstruction and Statue Form to your library.
 17621 | D:10     | You pick up a book of Changes and begin reading...
 17692 | D:11     | Noticed a two-headed ogre
 17731 | D:10     | Killed a two-headed ogre
 17732 | D:10     | Reached skill level 2 in Transmutations
 18279 | D:11     | Reached skill level 3 in Earth Magic
 18654 | D:10     | Became a worshipper of Gozag Ym Sagoz the Greedy
 18696 | D:11     | HP: 21/87 [manticore (4)]
 18698 | D:11     | Reached skill level 3 in Transmutations
 19081 | D:11     | You pick up a book of Armaments and begin reading...
 19197 | D:11     | Found Gaeh Hil's Distillery.
 19487 | D:11     | Reached skill level 4 in Earth Magic
 19762 | D:12     | Reached skill level 4 in Transmutations
 19797 | D:12     | Learned a level 3 spell: Stone Arrow
 20119 | D:12     | Noticed a boulder beetle
 20135 | D:12     | Killed a boulder beetle
 20136 | D:12     | Reached skill level 5 in Earth Magic
 20278 | D:12     | Noticed a two-headed ogre
 20286 | D:12     | Killed a two-headed ogre
 20428 | D:12     | Reached skill level 5 in Transmutations
 20541 | D:12     | Noticed a two-headed ogre
 20552 | D:12     | Noticed a six-headed hydra
 20556 | D:12     | HP: 21/87 [six-headed hydra (12)]
 20729 | D:12     | Learned a level 5 spell: Lee's Rapid Deconstruction
 20834 | D:12     | Killed a six-headed hydra
 21132 | D:12     | Reached skill level 6 in Earth Magic
 21159 | D:12     | Learned a level 6 spell: Statue Form
 21189 | D:12     | Noticed Azrael
 21208 | D:12     | Killed a two-headed ogre
 21209 | D:12     | Reached skill level 6 in Transmutations
 21983 | D:13     | Noticed a centaur warrior
 22007 | D:13     | You pick up a book of Geomancy and begin reading...
 22007 | D:13     | You add the spells Sandblast and Passwall to your library.
 22010 | D:13     | You pick up a book of the Wilderness and begin reading...
 22010 | D:13     | You add the spells Summon Forest, Summon Mana Viper and
                  | Summon Cactus Giant to your library.
 22357 | D:13     | Reached skill level 7 in Earth Magic
 22378 | D:13     | HP: 20/87 [centaur warrior/staff of fire (5)]
 22380 | D:13     | HP: 4/87 [centaur warrior/staff of fire (12)]
 22380 | D:13     | HP: 1/87 [centaur warrior/staff of fire (3)]
 22381 | D:13     | Slain by a centaur warrior

Vanquished Creatures
  2 boulder beetles
  2 hydras
  5 two-headed ogres
  4 lindwurms (D:8)
  Pikel (D:7)
  4 cyclopes
  A manticore (D:11)
  An ugly thing (D:12)
  Maurice (D:9)
  A gargoyle (D:12)
  Maggie (D:6)
  2 kobold demonologists (D:13)
  A rime drake (shapeshifter) (D:13)
  An efreet (D:13)
  4 trolls
  3 shadows
  A vampire (D:12)
  15 yaks
  A fire elemental (D:12)
  3 wraiths
  Eustachio (D:4)
  5 vampire mosquitoes
  Menkaure (D:7)
  2 acid dragons
  A water moccasin (D:7)
  Edmund (D:6)
  A hell hound (D:12)
  Duvessa (D:7)
  A sky beast (D:7)
  An orc warrior (D:9)
  A black bear (D:8)
  An ogre (D:4)
  3 wolves (D:9)
  3 centaurs
  A lemure (D:7)
  A phantom (D:4)
  8 kobold brigands
  3 bullfrogs
  Blork the orc (D:6)
  2 gnoll sergeants
  6 scorpions
  Dowan (D:7)
  16 killer bees
  3 electric eels
  6 howler monkeys
  5 hounds
  2 jellies (D:6)
  An orc priest (D:8)
  2 gnoll boudas
  Jessica (D:3)
  An iguana (D:6)
  7 orc wizards
  7 adders
  24 gnolls
  A shadow imp (D:5)
  3 white imps
  2 worms (D:2)
  4 dart slugs
  20 orcs
  6 ball pythons
  12 endoplasms
  2 giant cockroaches
  13 goblins
  11 hobgoblins
  7 jackals
  23 kobolds
  3 quokkas
  11 bats
  3 frilled lizards
  3 rats
299 creatures vanquished.

Vanquished Creatures (others)
  7 plants (D:10)
7 creatures vanquished.

Grand Total: 306 creatures vanquished

Table legend:
 A = Non-vault XP
 B = Vault XP
 C = Vault XP percentage of total XP
 D = Non-vault monster count
 E = Vault monster count
 F = Vault count percentage of total count
                 A         B        C        D         E       F
            +---------+---------+-------+---------+---------+-------
      Total |   21636 |    9490 |  30.5 |     250 |      48 |  16.1
            +---------+---------+-------+---------+---------+-------
        D:1 |      47 |      10 |  17.5 |      26 |       5 |  16.1
        D:2 |      89 |       0 |   0.0 |      32 |       0 |   0.0
        D:3 |      92 |      37 |  28.7 |      16 |       1 |   5.9
        D:4 |     453 |     254 |  35.9 |      22 |       8 |  26.7
        D:5 |     164 |       0 |   0.0 |      10 |       0 |   0.0
        D:6 |     669 |     944 |  58.5 |      21 |       9 |  30.0
        D:7 |     708 |     997 |  58.5 |      12 |       4 |  25.0
        D:8 |    1689 |    2651 |  61.1 |      27 |       4 |  12.9
        D:9 |    3668 |    1331 |  26.6 |      37 |       9 |  19.6
       D:10 |    3324 |    2915 |  46.7 |      16 |       6 |  27.3
       D:11 |    2625 |       0 |   0.0 |       8 |       0 |   0.0
       D:12 |    5738 |     351 |   5.8 |      11 |       2 |  15.4
       D:13 |    2370 |       0 |   0.0 |      12 |       0 |   0.0
            +---------+---------+-------+---------+---------+-------

Illustrated notes

Table legend:
 A = Kills in this place as a percentage of kills in entire the game.
 B = Kills by you in this place as a percentage of kills by you in the entire game.
 C = Kills by friends in this place as a percentage of kills by friends in the entire game.
 D = Other kills in this place as a percentage of other kills in the entire game.
 E = Experience gained in this place as a percentage of experience gained in the entire game.
 F = Experience gained in this place divided by the number of levels of this place that you have seen.
                   A       B       C       D       E      F
               +-------+-------+-------+-------+-------+----------------------
         Total | 100.0 | 100.0 |   N/A |   N/A | 100.0 | 2223.3
       Dungeon | 100.0 | 100.0 |   N/A |   N/A | 100.0 | 2394.3
               +-------+-------+-------+-------+-------+----------------------

Table legend: (Time is in decaauts)
 A = Elapsed time spent in this place.
 B = Non-inter-level travel time spent in this place.
 C = Inter-level travel time spent in this place.
 D = Time resting spent in this place.
 E = Time spent auto-exploring this place.
 F = Levels seen in this place.
 G = Mean time per level.
                   A        B        C        D        E       F      G
               +--------+--------+--------+--------+--------+-----+--------+
         Total |  22462 |  21765 |    697 |   8512 |   8568 |  14 | 1604.4 |
       Dungeon |  22438 |  21754 |    684 |   8512 |   8559 |  13 | 1726.0 |
        Temple |     23 |     11 |     12 |      0 |      9 |   1 |   23.0 |
               +--------+--------+--------+--------+--------+-----+--------+

Top non-repeatable levels by time:
    D:10: 3287 daAuts
     D:6: 2652 daAuts
     D:8: 1927 daAuts
     D:9: 1765 daAuts
    D:12: 1694 daAuts
     D:4: 1613 daAuts
     D:7: 1602 daAuts
     D:1: 1548 daAuts
    D:11: 1466 daAuts
     D:2: 1455 daAuts
     D:5: 1418 daAuts
     D:3: 1086 daAuts
    D:13: 921 daAuts
  Temple: 23 daAuts
